 Dungeon Crawl Stone Soup version 0.30.1-4-g462c640d31 (webtiles) character file.

Game seed: 11666116648545043426

1530080 LordWeiramon the Politician (level 27, 211/211 HPs)
             Began as a Human Gladiator on Aug 30, 2023.
             Was the Champion of Dithmenos.
             Escaped with the Orb
             ... and 3 runes on Aug 31, 2023!
             The game lasted 10:08:00 (91159 turns).

LordWeiramon the Politician (Human Gladiator)      Turns: 91159, Time: 10:08:01

Health: 211/211    AC: 30    Str: 18    XL:     27
Magic:  27/27      EV: 32    Int:  9    God:    Dithmenos [******]
Gold:   2730       SH:  9    Dex: 26    Spells: 19/32 levels left

rFire   + + .        b - +7 captain's cutlass {speed, disarm}
rCold   + . .        F - +1 buckler {rN+}
rNeg    + . .        g - +4 fire dragon scales
rPois   +            c - +2 hat {Will+}
rElec   .            O - +2 cloak {rCorr}
rCorr   +            m - +2 pair of gloves {hurl}
SInv    +            C - +2 pair of boots
Will    ++++.        i - amulet of regeneration
Stlth   ++++++       Z - ring "Uhout" {rPois Will+ Str+4 Int+3}
HPRegen 1.35/turn    n - ring "Ofumeg" {rC++ EV+5 SInv}
MPRegen 0.20/turn

%: no passive effects
@: wreathed by umbra, studying Shields
A: dopey 2, screaming 1, weak 1
0: Orb of Zot
}: 3/15 runes: decaying, silver, gossamer
a: Renounce Religion, Shadow Step, Shadow Form


You escaped.
You worshipped Dithmenos.
Dithmenos was exalted by your worship.
You visited 11 branches of the dungeon, and saw 51 of its levels.
You visited 1 bazaar.
You also visited: Sewer, Volcano, Wizlab and Desolation.

You collected 9598 gold pieces.
You spent 6868 gold pieces at shops.

Inventory:

Hand Weapons
 a - a +9 rapier of electrocution
 b - the +7 captain's cutlass (weapon) {speed, disarm}
   (You found it on level 5 of the Lair of Beasts)
Missiles
 L - 246 stones (quivered)
Armour
 c - a +2 hat of willpower (worn)
 g - +4 fire dragon scales (worn)
 m - a +2 pair of gloves of hurling (worn)
 C - a +2 pair of boots (worn)
 F - a +1 buckler of positive energy (worn)
 O - a +2 cloak of preservation (worn)
Jewellery
 i - an amulet of regeneration (around neck)
 k - the ring "Kuse" {rN+ rCorr Dex+6 Slay+3 Stlth+}
   (You acquired it on level 4 of the Depths)

   [ring of dexterity]

   Dex:       It affects your dexterity (+6).
   Slay:      It affects your accuracy & damage with ranged weapons and melee
   (+3).
   rN:        It protects you from negative energy.
   rCorr:     It protects you from acid and corrosion.
   Stlth:     It makes you more stealthy.
 n - the ring "Ofumeg" (right hand) {rC++ EV+5 SInv}
   (You took it off a deep elf pyromancer on level 3 of the Elven Halls)

   [ring of evasion]

   EV:        It affects your evasion (+5).
   rC:        It greatly protects you from cold.
   SInv:      It lets you see invisible.
 o - the ring "Dalah" {rN+ Will+ Stlth+}
   (You took it off a deep elf elementalist on level 3 of the Elven Halls)

   [ring of willpower]

   rN:        It protects you from negative energy.
   Will:      It increases your willpower.
   Stlth:     It makes you more stealthy.
 B - the ring "Obynofez" {*Corrode rF+++ rN++ Will+ Slay+2}
   (You took it off a fire giant on level 5 of the Vaults)

   [ring of willpower]

   Slay:      It affects your accuracy & damage with ranged weapons and melee
   (+2).
   rF:        It renders you almost immune to fire.
   rN:        It greatly protects you from negative energy.
   *Corrode:  It may corrode you when you take damage.
   Will:      It increases your willpower.
 W - the ring "Licvol" {Fly rN+ Will+ AC+4 Dex+4}
   (You found it on level 2 of the Depths)

   [ring of protection]

   AC:        It affects your AC (+4).
   Dex:       It affects your dexterity (+4).
   rN:        It protects you from negative energy.
   Fly:       It grants you flight.
   Will:      It increases your willpower.
 Z - the ring "Uhout" (left hand) {rPois Will+ Str+4 Int+3}
   (You took it off a mummy priest on level 3 of the Crypt)

   [ring of willpower]

   Str:       It affects your strength (+4).
   Int:       It affects your intelligence (+3).
   rPois:     It protects you from poison.
   Will:      It increases your willpower.
Wands
 j - a wand of digging (11)
 t - a wand of polymorph (38)
 v - a wand of quicksilver (7)
 D - a wand of paralysis (37)
 N - a wand of mindburst (65)
 R - a wand of iceblast (64)
 X - a wand of flame (97)
Scrolls
 h - 7 scrolls of poison
 l - 7 scrolls of vulnerability
 r - a scroll of fog
 y - 26 scrolls of teleportation
 J - 3 scrolls of butterflies
 P - 4 scrolls of fear
 T - 4 scrolls of blinking
 U - 10 scrolls of magic mapping
Potions
 p - 2 potions of might
 q - 5 potions of cancellation
 s - 18 potions of mutation
 x - 17 potions of curing
 z - 4 potions of haste
 E - 13 potions of brilliance
 G - 10 potions of heal wounds
 H - 4 potions of berserk rage
 I - 5 potions of ambrosia
 M - 6 potions of flight
 S - 8 potions of resistance
 V - 10 potions of magic
 Y - 3 potions of invisibility
Miscellaneous
 e - a box of beasts
 f - a condenser vane
 w - a phantom mirror
 A - a lightning rod (4/4)
 K - a phial of floods (inert)


   Skills:
 - Level 16.2 Fighting
 O Level 27 Short Blades
 - Level 3.6 Staves
 - Level 6.1 Throwing
 - Level 15.0 Armour
 + Level 22.3 Dodging
 O Level 27 Stealth
 - Level 8.4 Shields
 - Level 3.0 Spellcasting
 - Level 10.0 Hexes
 - Level 5.1 Translocations
 - Level 3.5 Invocations
 - Level 15.0 Evocations


You had 19 spell levels left.
You knew the following spells:

 Your Spells              Type           Power      Damage    Failure   Level
a - Slow                  Hex            76%        N/A       1%          1
b - Blink                 Tloc           20%        N/A       19%         2
c - Confusing Touch       Hex            19%        N/A       4%          3
d - Silence               Hex/Air        5%         N/A       98%         5
e - Passwall              Tmut/Erth      0%         N/A       82%         2

Your spell library contained the following spells:

 Spells                   Type           Power      Damage    Failure   Level
 Tukima's Dance           Hex            19%        N/A       4%          3
 Apportation              Tloc           20%        N/A       12%         1
 Portal Projectile        Hex/Tloc       28%        N/A       13%         3
 Cause Fear               Hex            9%         N/A       16%         4
 Ensorcelled Hibernation  Hex/Ice        20%        N/A       19%         2
 Gell's Gravitas          Tloc           10%        N/A       34%         3
 Inner Flame              Hex/Fire       10%        N/A       36%         3
 Summon Guardian Golem    Hex/Summ       10%        N/A       36%         3
 Beastly Appendage        Tmut           2%         N/A       67%         1
 Foxfire                  Conj/Fire      4%         2x1d4     67%         1
 Freeze                   Ice            4%         1d3       67%         1
 Kiss of Death            Conj/Necr      4%         2d5       67%         1
 Magic Dart               Conj           4%         1d3       67%         1
 Necrotise                Necr           4%         1d4       67%         1
 Sandblast                Erth           2%         2d4       67%         1
 Shock                    Conj/Air       4%         1d3       67%         1
 Sting                    Tmut/Pois      4%         1d3       67%         1
 Summon Small Mammal      Summ           4%         N/A       67%         1
 Volatile Blastmotes      Fire/Tloc      10%        2d10      71%         3
 Manifold Assault         Tloc           10%        N/A       75%         4
 Fulminant Prism          Conj/Hex       5%         3d7       77%         4
 Leda's Liquefaction      Hex/Erth       5%         N/A       77%         4
 Cigotuvi's Dreadful Rot  Necr/Pois/Air  2%         N/A       82%         2
 Poisonous Vapours        Pois/Air       2%         N/A       82%         2
 Scorch                   Fire           2%         2d5       82%         2
 Searing Ray              Conj           2%         2d4       82%         2
 Static Discharge         Conj/Air       2%         2-3/arc   82%         2
 Wereblood                Tmut           1%         N/A       82%         2
 Call Canine Familiar     Summ           1%         N/A       96%         3
 Frozen Ramparts          Ice            2%         1d1       96%         3
 Hailstorm                Conj/Ice       1%         3d3       96%         3
 Ignite Poison            Fire/Tmut/Pois 1%         N/A       96%         3
 Mephitic Cloud           Conj/Pois/Air  1%         N/A       96%         3
 Ozocubu's Armour         Ice            1%         N/A       96%         3
 Spider Form              Tmut/Pois      1%         N/A       96%         3
 Stone Arrow              Conj/Erth      2%         3d7       96%         3
 Swiftness                Air            1%         N/A       96%         3
 Vampiric Draining        Necr           1%         2d6       96%         3
 Iskenderun's Mystic Bla  Conj/Tloc      5%         2d3       98%         4
 Metabolic Englaciation   Hex/Ice        5%         N/A       98%         5
 Summon Mana Viper        Hex/Summ       10%        N/A       98%         5
 Yara's Violent Unravell  Hex/Tmut       5%         3d4       98%         5
 Airstrike                Air            0%         2d(1-17)  100%        4
 Animate Armour           Summ/Erth      2%         N/A       100%        4
 Animate Dead             Necr           1%         N/A       100%        4
 Dispel Undead            Necr           1%         3d6       100%        4
 Flame Wave               Conj/Fire      1%         2d4       100%        4
 Ice Form                 Ice/Tmut       1%         N/A       100%        4
 Olgreb's Toxic Radiance  Pois           1%         N/A       100%        4
 Sticky Flame             Conj/Fire      1%         2d3       100%        4
 Summon Lightning Spire   Summ/Air       1%         N/A       100%        4
 Alistair's Intoxication  Tmut/Pois      0%         N/A       100%        5
 Blade Hands              Tmut           0%         N/A       100%        5
 Borgnjor's Vile Clutch   Necr/Erth      0%         N/A       100%        5
 Fireball                 Conj/Fire      0%         3d3       100%        5
 Freezing Cloud           Conj/Ice/Air   0%         6-21      100%        5
 Irradiate                Conj/Tmut      0%         3d11      100%        5
 Iskenderun's Battlesphe  Conj           1%         2d6       100%        5
 Lee's Rapid Deconstruct  Erth           0%         3d4*      100%        5
 Summon Forest            Summ/Tloc      2%         N/A       100%        5
 Conjure Ball Lightning   Conj/Air       0%         3x3d6     100%        6
 Death Channel            Necr           0%         N/A       100%        6
 Eringya's Noxious Bog    Tmut/Pois      0%         N/A       100%        6
 Iron Shot                Conj/Erth      0%         9d1       100%        6
 Plasma Beam              Fire/Air       0%         2x1d11    100%        6
 Simulacrum               Ice/Necr       0%         N/A       100%        6
 Starburst                Conj/Fire      0%         6d3       100%        6
 Statue Form              Tmut/Erth      0%         N/A       100%        6
 Summon Cactus Giant      Summ           0%         N/A       100%        6
 Dragon Form              Tmut           0%         N/A       100%        7
 Enfeeble                 Hex            9%         N/A       100%        7
 Haunt                    Necr/Summ      0%         N/A       100%        7
 Ozocubu's Refrigeration  Ice            0%         4d7       100%        7
 Spellforged Servitor     Conj/Summ      0%         N/A       100%        7
 Storm Form               Tmut/Air       0%         N/A       100%        7
 Borgnjor's Revivificati  Necr           0%         N/A       100%        8
 Ignition                 Fire           0%         3d3       100%        8
 Infestation              Necr           0%         N/A       100%        8
 Lehudib's Crystal Spear  Conj/Erth      0%         10d2      100%        8
 Necromutation            Tmut/Necr      0%         N/A       100%        8
 Summon Horrible Things   Summ           0%         N/A       100%        8
 Dragon's Call            Summ           0%         N/A       100%        9
 Shatter                  Erth           0%         3d5*      100%        9


Dungeon Overview and Level Annotations

Branches:
Dungeon (15/15)            Temple (1/1) D:6            Lair (5/5) D:8
  Swamp (4/4) Lair:2       Spider (4/4) Lair:2        Slime (0/5) Lair:5
    Orc (2/2) D:9             Elf (3/3) Orc:2        Vaults (5/5) D:13
  Crypt (3/3) Vaults:3       Tomb (0/3) Crypt:3      Depths (4/4) D:15
    Zot (5/5) Depths:4      Sewer (visited)         Volcano (visited)
 WizLab (visited)         Desolation (visited)

Altars:
Ashenzari
Dithmenos
Elyvilon
Fedhas
Hepliaklqana
Kikubaaqudgha
Makhleb
Nemelex Xobeh
Okawaru
Qazlal
Ru
Sif Muna
Trog
Uskayaw
Vehumet
Wu Jian
Xom
Yredelemnul
Zin
Jiyva

Shops:
D:5 !   D:9 (   D:11 (   D:13 :   Orc:1 *   Orc:2 =[*?[:=   Elf:1 [   Elf:3 **
Vaults:1 (   Vaults:2 *   Depths:4 ?

Portals:
Hell: Depths:1 Depths:2 Depths:3 Depths:4
Abyss: Depths:2 Depths:3
Pandemonium: Depths:2
Ziggurat: Depths:1


Innate Abilities, Weirdness & Mutations

You are very dopey. (Int -4)
You occasionally shout uncontrollably at your foes.
You are weak. (Str -2)


Message History

(N) Spider Nest (M) Slime Pits (O) Orcish Mines (E) Elven Halls (V) Vaults (C) Crypt (W) Tomb (U) Depths (H) Hell (Z) Zot
Where to? (Enter - D:1, ? - help)
There is a stone staircase leading up here.
You climb upwards.
There is a stone staircase leading down here.
You see here a +0 short sword.
There is a stone staircase leading up here.
You climb upwards.
There is a stone staircase leading down here.
There is a stone staircase leading up here.
You climb upwards.
There is a stone staircase leading down here.
Natasha is nearby!
Aiming: Quicksilver Bolt
Press: ? - help, Shift-Dir - straight line, f - Natasha
Aim: Natasha (wandering, hasn't noticed you, umbra, 70% to hit)
The bolt of dispelling energy hits Natasha!!
You kill Natasha!
Dithmenos accepts your kill.
Unknown command.
(D) Dungeon (T) Temple (L) Lair (S) Swamp (N) Spider Nest (M) Slime Pits (O) Orcish Mines (E) Elven Halls (V) Vaults (C) Crypt (W) Tomb (U) Depths (H) Hell (Z) Zot
Where to? (Enter - D:1, ? - help)
Okay, then.
Unknown command.
Unknown command.
Woum comes into view. It is armed with a distorting touch.
Blink to where?
Press: ? - help, Dir - move target
As you read the scroll of blinking, it crumbles to dust.
You climb upwards.
There is a stone staircase leading down here.
You open the door.
There is an open door here.
There is a staircase leading out of the dungeon here.
You have escaped!

#.......##.#.#
........##.#.#
#.......##.#.#
#.......##...#
........###'######
.....##.#PP.~P~~P#
###>###.'.....~P~#
........#~P~.....#
#########~~~P~~.@#
##########


There were no monsters in sight!

Vanquished Creatures
  Tiamat (Zot:1)
  3 ancient liches
  2 orbs of fire
  A royal mummy (Crypt:3)
  2 juggernauts
  Parghit (Depths:3)
  Vv (Crypt:1)
  Xtahua (Depths:3)
  7 Killer Klowns
  Margery (Crypt:2)
  2 curse toes (Zot:5)
  9 golden dragons
  A caustic shrike (Depths:3)
  A profane servitor (Crypt:1)
  4 electric golems
  A shard shrike skeleton (Crypt:2)
  2 liches
  Zenata (Elf:2)
  28 Orb Guardians
  15 tentacled monstrosities
  11 quicksilver dragons
  7 deep elf master archers
  The ghost of spardeous the Eclecticist, an adept DjCj of Gozag (Swamp:1)
  6 titans
  The ghost of Pooter the Warrior, an adept MiBe of Trog (Elf:3)
  3 deep elf blademasters (Elf:3)
  An acid blob (shapeshifter) (Vaults:5)
  Frances (Spider:1)
  4 ancient champions
  6 sphinxes
  10 death cobs
  A thorn hunter (Swamp:4)
  Gastronok (Lair:2)
  Donald (Swamp:4)
  Agnes (Elf:2)
  4 draconian monks
  9 tengu reavers
  15 shadow dragons
  13 storm dragons
  2 revenants (Crypt:2)
  The ghost of Uwkoecio the Severer, a journeyman HOFi of Okawaru (D:15)
  The ghost of arthad the Severer, a journeyman MiBe of Trog (Orc:2)
  3 draconian knights
  10 frost giants
  11 deep elf sorcerers
  6 emperor scorpions
  10 fire giants
  3 fenstrider witches (WizLab)
  4 iron dragons (Depths:1)
  2 imperial myrmidons (Desolation)
  12 ghost moths
  2 ghost moths (shapeshifter)
  16 vault wardens
  8 draconian scorchers
  3 draconian stormcallers
  29 ironbound preservers
  An orc warlord (Vaults:4)
  5 deep elf elementalists
  7 draconian shifters
  3 curse skulls
  5 ghouls
  A spriggan defender (Depths:4)
  24 very ugly things
  13 stone giants
  4 broodmothers
  10 black draconians
  3 ironbound thunderhulks
  5 draconian annihilators
  A war gargoyle (Vaults:3)
  12 red draconians
  8 eleionomae
  14 green draconians
  4 vampire knights
  4 dire elephants (Vaults:2)
  3 halazid warlocks (Desolation)
  7 deep elf demonologists
  9 yellow draconians
  Nessos (Orc:2)
  18 purple draconians
  13 white draconians
  4 deep elf annihilators (Elf:3)
  4 bunyips
  2 pearl dragon zombies (Crypt:1)
  8 spark wasps
  8 eidola
  A green death (Depths:2)
  7 deep elf death magi
  5 mummy priests (Crypt:3)
  7 ettins
  17 yaktaur captains
  A shambling mangrove (WizLab)
  Josephine (Lair:4)
  7 fire dragons
  6 entropy weavers
  A fire dragon (shapeshifter) (Vaults:5)
  A merfolk impaler (Depths:4)
  6 deep elf high priests
  Harold (D:9)
  9 servants of whispers (Desolation)
  2 jiangshi (Crypt:2)
  5 great orbs of eyes
  7 ragged hierophants
  4 ice dragons
  A hell beast (Depths:1)
  A hydra (shapeshifter) (Vaults:5)
  19 hydras
  46 vault guards
  5 ogre magi
  A spriggan skeleton (Depths:2)
  4 death knights
  4 radroaches
  A merfolk avatar (Lair:5)
  A ghost crab (Swamp:2)
  2 spriggan air magi (Depths:4)
  11 peacekeepers
  2 jorogumos
  4 rakshasas
  A catoblepas (Lair:2)
  Erica (Lair:2)
  14 ironbound frosthearts
  12 alligators
  6 centaur warriors
  20 two-headed ogres
  5 boulder beetles
  4 deep troll shamans
  The ghost of ranchalot the Protected, a novice MiGl of the Shining One (D:10)
  33 dancing weapons
  A bennu zombie (Crypt:3)
  23 death yaks
  5 satyrs (WizLab)
  6 tengu warriors
  9 deep troll earth magi
  3 hell hogs (Crypt:1)
  Urug (Lair:2)
  6 spriggan berserkers
  9 vampire magi
  An orc high priest (Orc:2)
  A soul eater (Crypt:3)
  11 hell knights
  4 naga sharpshooters (WizLab)
  14 deep elf knights
  4 iron trolls
  12 skeletal warriors
  A shadow wraith (Crypt:2)
  Sonja (Lair:3)
  Lodul (D:13)
  2 sun moths
  6 spriggan druids
  A titan skeleton (Vaults:3)
  2 sea snakes (Lair:5)
  7 pharaoh ants
  2 salamander mystics (Depths:1)
  5 goliath frogs
  A sea snake (shapeshifter) (Vaults:3)
  3 glowing orange brains
  A deep troll (shapeshifter) (D:15)
  A death drake (Swamp:3)
  A storm dragon skeleton (Crypt:3)
  A bunyip zombie (Crypt:2)
  A swamp dragon (shapeshifter) (Vaults:3)
  12 wizards
  10 bog bodies
  79 deep trolls
  7 steelbarb worms
  19 deep elf archers
  8 orb spiders
  9 orc knights
  11 swamp dragons
  5 flayed ghosts
  8 phantasmal warriors
  5 necromancers
  5 harpies
  18 ironbound convokers
  A golden dragon skeleton (Depths:2)
  3 lindwurms (Vaults:3)
  28 deep elf zephyrmancers
  38 deep elf pyromancers
  A shadow dragon zombie (Crypt:2)
  4 orc sorcerers
  A jorogumo zombie (Crypt:1)
  A shadow dragon skeleton (Vaults:3)
  12 cyclopes
  An oklob plant (WizLab)
  32 wolf spiders
  4 fauns (WizLab)
  9 salamanders
  86 ugly things
  A will-o-the-wisp (Swamp:2)
  27 moths of wrath
  A centaur zombie (Crypt:2)
  A stone giant skeleton (Vaults:3)
  3 manticores
  A shining eye (shapeshifter) (Depths:1)
  An eleionoma skeleton (Crypt:2)
  11 elephants
  22 vault sentinels
  4 apis skeletons (Crypt:1)
  4 black mambas
  A water nymph (shapeshifter) (Vaults:2)
  3 guardian serpents (Desolation)
  4 rust devils (Depths:1)
  2 fire giant skeletons (Vaults:3)
  7 human skeletons (Vaults:3)
  A frost giant skeleton (Depths:2)
  5 molten gargoyles
  2 gargoyles (Volcano)
  10 torpor snails
  9 demonic crawlers
  10 cane toads
  An elf skeleton (Vaults:3)
  6 rime drakes
  A kobold demonologist (Depths:3)
  7 komodo dragons
  3 efreet
  8 freezing wraiths
  An alligator snapping turtle skeleton (Crypt:3)
  An ice devil (Depths:2)
  33 yaktaurs
  11 trolls
  A death yak skeleton (Crypt:2)
  A red devil (Depths:2)
  3 tengu conjurers
  3 yaktaur skeletons
  38 guardian mummies
  A hellwing (Depths:2)
  A moth of wrath zombie (Crypt:3)
  62 saltlings
  Grinder (D:6)
  14 tyrant leeches
  24 hornets
  28 tarantellas
  7 dream sheep
  4 polar bears
  A radroach zombie (Crypt:2)
  26 blink frogs
  A hydra skeleton (Crypt:2)
  An ettin zombie (Vaults:3)
  39 slime creatures
  A black mamba zombie (Crypt:2)
  22 jumping spiders
  2 stone giant simulacra
  Sigmund (D:2)
  3 air elementals (Elf:1)
  21 spriggans
  34 culicivoras
  8 wyverns
  12 wraiths
  8 basilisks
  An ettin skeleton (Crypt:2)
  5 water elementals
  A ynoxinul (Depths:2)
  2 shadows
  8 ushabtiu
  5 fire elementals
  72 redbacks
  49 yaks
  10 vampire mosquitoes
  A chaos spawn (D:14)
  A steam dragon (D:8)
  2 acid dragons (D:10)
  7 wargs
  35 water moccasins
  2 floating eyes
  16 swamp worms
  2 glowing shapeshifter skeletons
  A merfolk skeleton (Crypt:1)
  A water nymph skeleton (Crypt:1)
  A floating eye (shapeshifter) (Depths:3)
  A swamp drake (shapeshifter) (Depths:3)
  A hornet zombie (Crypt:3)
  23 orc warriors
  8 swamp drakes
  3 black bears
  2 sky beasts
  A snapping turtle zombie (Crypt:2)
  14 wolves
  An elephant zombie (Crypt:1)
  5 boggarts (Vaults:1)
  28 ogres
  9 centaurs
  A phantom (D:3)
  7 kobold brigands
  3 earth elementals
  3 necrophages (Crypt:2)
  8 bullfrogs
  A scorpion (D:5)
  A gnoll sergeant (D:7)
  5 wights (D:8)
  4 killer bees (D:9)
  5 electric eels
  3 howler monkeys
  A wolf skeleton (Crypt:3)
  15 orc priests
  3 gnoll boudas
  11 jellies
  A human zombie (Crypt:1)
  9 hounds
  Natasha (thrice) (D:2)
  15 orc wizards
  3 iguanas
  5 hell rats (Lair:2)
  Terence (D:2)
  An ogre zombie (Crypt:2)
  A deep dwarf skeleton (Crypt:3)
  An acid dragon skeleton (Crypt:2)
  Robin (D:4)
  8 mummies (Crypt:3)
  11 gnolls
  23 adders
  6 river rats (Sewer)
  2 shadow imps
  A swamp drake skeleton (Crypt:1)
  A jelly zombie (Crypt:2)
  An iguana skeleton (Crypt:1)
  A lava snake skeleton (Crypt:3)
  A worm (shapeshifter) (Vaults:5)
  2 worms (D:5)
  6 dart slugs
  47 orcs
  A bat skeleton (Crypt:2)
  A bat zombie (Crypt:2)
  6 endoplasms
  5 giant cockroaches
  15 goblins
  14 hobgoblins
  4 jackals (D:1)
  49 kobolds
  2 quokkas (D:1)
  15 ball pythons
  6 bats
  4 frilled lizards
  A goblin zombie (Crypt:1)
  A quokka zombie (D:5)
  21 rats
  A rat zombie (D:5)
2611 creatures vanquished.

Vanquished Creatures (collateral kills)
  An ancient lich (Zot:5)
  Mlioglotl (Swamp:4)
  An iron dragon (Vaults:5)
  A yellow draconian (Zot:5)
4 creatures vanquished.

Vanquished Creatures (others)
  A fire giant (Depths:4)
  A draconian knight (Zot:1)
  An eleionoma (WizLab)
  An alligator (Swamp:2)
  2 deep elf knights
  A deep troll (Vaults:3)
  A deep elf pyromancer (Elf:2)
  2 bloated husks
  A hornet (Swamp:3)
  A centaur simulacrum (D:15)
  A spriggan (Swamp:3)
  A floating eye (shapeshifter) (D:15)
  2 orcs (Orc:2)
  A butterfly (Depths:4)
17 creatures vanquished.

Grand Total: 2632 creatures vanquished

Notes
Turn   | Place    | Note
-------+----------+-------------------------------------------
     0 | D:1      | LordWeiramon the Human Gladiator began the quest for the
                  | Orb.
     0 | D:1      | Reached XP level 1. HP: 16/16 MP: 1/1
   307 | D:1      | Reached XP level 2. HP: 22/22 MP: 2/2
   317 | D:1      | Found a faded altar of an unknown god.
   410 | D:1      | Reached skill level 1 in Short Blades
   410 | D:1      | Reached XP level 3. HP: 6/27 MP: 3/3
   906 | D:2      | Reached XP level 4. HP: 24/33 MP: 4/4
  1141 | D:2      | Found an iron altar of Okawaru.
  1277 | D:2      | Noticed Sigmund
  1430 | D:2      | Noticed Natasha
  1438 | D:2      | Killed Natasha
  1439 | D:2      | Reached XP level 5. HP: 17/38 MP: 5/5
  1615 | D:2      | Noticed Terence
  1623 | D:2      | Killed Terence
  1784 | D:3      | Found a radiant altar of Vehumet.
  1852 | D:3      | Found a blossoming altar of Fedhas.
  1984 | D:3      | Reached skill level 1 in Stealth
  2353 | D:4      | Noticed a phantom
  2403 | D:4      | Noticed Robin
  2409 | D:4      | Reached XP level 6. HP: 44/44 MP: 6/6
  2653 | D:4      | Learned a level 3 spell: Confusing Touch
  2671 | D:4      | Killed Robin
  2822 | D:4      | Reached skill level 5 in Short Blades
  2850 | D:4      | Reached skill level 1 in Hexes
  2911 | D:4      | Reached XP level 7. HP: 48/50 MP: 7/7
  2991 | D:5      | Entered Level 5 of the Dungeon
  3211 | D:5      | Found a glowing drain.
  3228 | Sewer    | Entered a sewer
  3584 | Sewer    | Reached skill level 1 in Spellcasting
  3911 | D:5      | Reached XP level 8. HP: 49/56 MP: 9/9
  3996 | D:5      | Reached skill level 5 in Hexes
  4711 | D:5      | Found Doin Jiymp's Distillery.
  4714 | D:5      | Bought a potion of lignification for 39 gold pieces
  4714 | D:5      | Bought a potion of curing for 39 gold pieces
  4714 | D:5      | Bought a potion of lignification for 39 gold pieces
  4714 | D:5      | Bought a potion of curing for 39 gold pieces
  4714 | D:5      | Bought a potion of flight for 39 gold pieces
  4714 | D:5      | Bought a potion of curing for 39 gold pieces
  4782 | D:6      | Found a staircase to the Ecumenical Temple.
  4803 | Temple   | Entered the Ecumenical Temple
  4859 | Temple   | Became a worshipper of Dithmenos the Shadowed
  5107 | D:6      | Noticed Grinder
  5125 | D:6      | Paralysed by Grinder for 5 turns
  5132 | D:6      | Killed Grinder
  5409 | D:6      | Found a white marble altar of Elyvilon.
  5679 | D:7      | Reached XP level 9. HP: 36/61 MP: 10/10
  6602 | D:7      | Reached skill level 5 in Stealth
  7560 | D:7      | Reached * piety under Dithmenos
  7852 | D:8      | Reached XP level 10. HP: 67/67 MP: 11/11
  8067 | D:8      | Reached skill level 5 in Dodging
  8553 | D:8      | Found a staircase to the Lair.
  8590 | D:8      | Reached ** piety under Dithmenos
  8980 | D:8      | Noticed a red ugly thing
  9217 | D:9      | Found Pinighymu's Weapon Shop.
  9220 | D:9      | Found a staircase to the Orcish Mines.
  9398 | D:9      | Reached XP level 11. HP: 72/72 MP: 12/12
  9525 | D:9      | Noticed a two-headed ogre
  9532 | D:9      | Killed a two-headed ogre
  9533 | D:9      | Reached skill level 10 in Dodging
  9901 | D:9      | Noticed Harold
  9915 | D:9      | Killed Harold
 10202 | D:9      | Reached skill level 5 in Fighting
 10437 | D:10     | Entered Level 10 of the Dungeon
 10712 | D:10     | Noticed a two-headed ogre
 10720 | D:10     | Killed a two-headed ogre
 11331 | D:10     | Found a runed translucent gate.
 11331 | D:10     | Found a runed translucent gate.
 11332 | D:10     | Found a runed translucent gate.
 11334 | D:10     | Noticed ranchalot's ghost (novice MiGl)
 11561 | D:11     | Noticed a two-headed ogre
 11864 | D:11     | Noticed a boulder beetle
 11877 | D:11     | Killed a boulder beetle
 11937 | D:11     | Noticed a two-headed ogre
 11942 | D:11     | Killed a two-headed ogre
 11947 | D:11     | Killed a two-headed ogre
 11948 | D:11     | Reached XP level 12. HP: 86/86 MP: 13/13
 12055 | D:11     | Found Boazuz Yrgh's Antique Weapon Emporium.
 12078 | D:11     | Reached *** piety under Dithmenos
 12138 | D:11     | Reached skill level 10 in Stealth
 12225 | D:11     | Noticed a boulder beetle
 12245 | D:11     | Killed a boulder beetle
 12620 | Lair:1   | Entered Level 1 of the Lair of Beasts
 12764 | Lair:1   | Reached skill level 5 in Armour
 13215 | Lair:1   | Found a burning altar of Makhleb.
 13472 | Lair:1   | Reached skill level 10 in Short Blades
 13986 | Lair:1   | Reached **** piety under Dithmenos
 13987 | Lair:1   | Reached XP level 13. HP: 91/91 MP: 12/14
 14550 | Lair:2   | Noticed Erica
 14701 | Lair:2   | Found a staircase to the Swamp.
 15041 | Lair:2   | Found a hole to the Spider Nest.
 15134 | Lair:2   | Noticed a catoblepas
 15207 | Lair:2   | Noticed Gastronok
 15300 | Lair:2   | Killed a catoblepas
 15549 | Lair:2   | Noticed Urug
 15562 | Lair:2   | Noticed a four-headed hydra
 15579 | Lair:2   | Killed a four-headed hydra
 15588 | Lair:2   | Killed Urug
 15589 | Lair:2   | Reached skill level 5 in Shields
 15752 | Lair:2   | Killed Erica
 17924 | Lair:3   | Reached XP level 14. HP: 98/98 MP: 15/15
 17932 | Lair:3   | You fall into a shaft and drop 1 floor!
 18194 | Lair:3   | Found a dark tunnel.
 18199 | Volcano  | Entered a volcano
 19121 | Volcano  | Noticed an orb of fire
 19327 | Volcano  | Noticed an orb of fire
 19405 | Lair:3   | Learned a level 1 spell: Slow
 21576 | Lair:4   | Noticed Sonja
 21629 | Lair:3   | Killed Sonja
 21759 | Lair:4   | Reached ***** piety under Dithmenos
 22852 | Lair:4   | Noticed Josephine
 22866 | Lair:4   | Killed Josephine
 22987 | Lair:4   | Reached XP level 15. HP: 103/103 MP: 16/16
 23445 | Lair:5   | Entered Level 5 of the Lair of Beasts
 23850 | Lair:5   | Reached skill level 15 in Dodging
 24147 | Lair:5   | Found a staircase to the Slime Pits.
 25003 | Lair:5   | Reached ****** piety under Dithmenos
 25473 | Lair:5   | Found the +7 captain's cutlass {speed, disarm}
 26007 | Lair:5   | Found a viscous altar of Jiyva.
 26509 | D:10     | Killed ranchalot's ghost
 26574 | D:10     | Found a viscous altar of Jiyva.
 26767 | D:2      | Killed Sigmund
 26886 | D:2      | Noticed Natasha
 26895 | D:2      | Killed Natasha
 27119 | D:12     | You fall into a shaft and drop 3 floors!
 27119 | D:15     | Entered Level 15 of the Dungeon
 27268 | D:15     | Reached skill level 10 in Hexes
 27417 | D:15     | Found a transporter.
 27437 | D:15     | Found a transporter.
 27725 | D:14     | Reached XP level 16. HP: 89/117 MP: 15/20
 28312 | D:14     | Identified the +8 quarterstaff "Omatoefu" {spect, rN+
                  | Dex+4}
 28470 | D:13     | Noticed Lodul
 28471 | D:13     | Killed Lodul
 28604 | D:13     | Found Jiupix's Self-Improvement Boutique.
 29012 | D:13     | Found a gate to the Vaults.
 29327 | D:13     | Bought a manual of Armour for 1360 gold pieces
 31200 | D:15     | Noticed a tengu reaver
 31300 | D:15     | Reached skill level 10 in Armour
 31483 | D:15     | Found a staircase to the Depths.
 31854 | Lair:2   | Killed Gastronok
 32111 | Orc:1    | Entered Level 1 of the Orcish Mines
 32235 | Orc:1    | Found Coluth's General Store.
 32475 | Orc:2    | Entered Level 2 of the Orcish Mines
 32513 | Orc:2    | Found Pyawamn's Book Emporium.
 32736 | Orc:2    | Found a staircase to the Elven Halls.
 32890 | Orc:2    | Reached XP level 17. HP: 118/122 MP: 21/21
 33424 | Orc:2    | Noticed Nessos
 33432 | Orc:2    | Killed Nessos
 33559 | Orc:2    | Found Jeaxkinnue's Jewellery Shoppe.
 33938 | Orc:2    | Reached skill level 15 in Armour
 33962 | Orc:2    | Found Weisoj's Antique Armour Emporium.
 33967 | Orc:2    | Found Lemuathri's Assorted Antiques.
 33968 | Orc:2    | Found Fisa's Armour Shop.
 33969 | Orc:2    | Bought a translucent cloak for 313 gold pieces
 33969 | Orc:2    | Identified the +0 cloak of Shadows and Fog {Fly rElec Str-5
                  | Int-4} (You bought it in a shop on level 2 of the Orcish
                  | Mines)
 33979 | Orc:2    | Found Melloxad's Magic Scroll Shoppe.
 33986 | Orc:2    | Bought a scroll of fear for 56 gold pieces
 34003 | Orc:2    | Found Xuos Ess's Jewellery Emporium.
 34059 | Orc:2    | Found a large runed translucent door.
 34059 | Orc:2    | Found a large runed translucent door.
 34063 | Orc:2    | Noticed arthad's ghost (journeyman MiBe)
 34117 | Orc:2    | Killed arthad's ghost
 34506 | Swamp:1  | Entered Level 1 of the Swamp
 35381 | Swamp:1  | Found a runed translucent door.
 35386 | Swamp:1  | Noticed spardeous's ghost (adept DjCj)
 36049 | Swamp:2  | Reached skill level 15 in Stealth
 36265 | D:5      | Bought a potion of flight for 39 gold pieces
 37158 | Swamp:3  | Reached skill level 10 in Fighting
 37284 | Swamp:3  | Reached skill level 1 in Invocations
 37403 | Swamp:3  | Reached XP level 18. HP: 120/136 MP: 22/22
 37447 | Swamp:3  | Reached skill level 1 in Evocations
 37708 | Swamp:4  | Entered Level 4 of the Swamp
 37718 | Swamp:4  | Noticed Donald
 38191 | Swamp:4  | Reached skill level 5 in Evocations
 38233 | Swamp:4  | Noticed Mlioglotl
 38504 | Swamp:4  | Got a decaying rune of Zot
 39192 | Spider:1 | Entered Level 1 of the Spider Nest
 39846 | Spider:1 | Identified the amulet of Ziro {Reflect +Blink rPois Int-4
                  | Dex+2 SH+5}
 40042 | Spider:1 | Noticed Frances
 40044 | Spider:1 | Killed Frances
 40375 | Spider:1 | Reached XP level 19. HP: 141/141 MP: 20/23
 41708 | Spider:3 | Identified the +0 plate armour of Pessimism {Str+3}
 42007 | Spider:3 | Learned a level 2 spell: Blink
 42034 | Spider:3 | Reached skill level 1 in Translocations
 42588 | Spider:4 | Entered Level 4 of the Spider Nest
 43043 | Spider:4 | Reached skill level 5 in Translocations
 44667 | Spider:4 | Reached XP level 20. HP: 142/154 MP: 21/24
 45057 | Spider:4 | Got a gossamer rune of Zot
 45523 | D:15     | Noticed Uwkoecio's ghost (journeyman HOFi)
 46054 | D:15     | Killed Uwkoecio's ghost
 46481 | Elf:1    | Entered Level 1 of the Elven Halls
 47021 | Elf:1    | Paralysed by an air elemental for 1 turns
 47530 | Elf:1    | Paralysed by an air elemental for 1 turns
 47919 | Elf:1    | Found Jeosmah's Armour Boutique.
 47925 | Elf:1    | Bought a scarf of invisibility for 192 gold pieces
 48241 | Elf:1    | Reached skill level 10 in Evocations
 48338 | Elf:2    | Identified the staff of cold "Hoqe" {rC+ Str+2 Int+3 Dex+2}
 48735 | Elf:2    | Found a runed translucent gate.
 48736 | Elf:2    | Found a runed translucent gate.
 48736 | Elf:2    | Found a runed translucent gate.
 48923 | Elf:2    | Identified the +1 triple crossbow of Fabulous Cruel Justice
                  | {drain, Str+2}
 48927 | Elf:2    | Noticed Agnes
 48942 | Elf:2    | Killed Agnes
 49484 | Elf:2    | Noticed Zenata
 49500 | Elf:2    | Killed Zenata
 49521 | Elf:1    | Reached XP level 21. HP: 69/152 MP: 25/25
 50449 | Elf:3    | Entered Level 3 of the Elven Halls
 50908 | Vaults:1 | Entered Level 1 of the Vaults
 52137 | Elf:3    | Found a runed translucent gate.
 52137 | Elf:3    | Found a runed translucent gate.
 52137 | Elf:3    | Found a runed translucent gate.
 52216 | Elf:3    | Noticed Pooter's ghost (adept MiBe)
 52367 | Elf:3    | Reached skill level 15 in Evocations
 52429 | Elf:3    | Found Isidwam's General Store.
 52431 | Elf:3    | Found Puwot Joeph's Specific Store.
 52435 | Elf:3    | Bought a wand of paralysis (3) for 93 gold pieces
 52592 | Elf:3    | Identified the ring "Ofumeg" {rC++ EV+5 SInv}
 52806 | Elf:3    | Noticed a Tzitzimitl
 52863 | Elf:3    | Identified the ring "Dalah" {rN+ Will+ Stlth+}
 53209 | Elf:3    | Identified the +5 dagger "Hiharph" {flame, Dex+3 SInv}
 53240 | Elf:3    | Reached skill level 5 in Throwing
 53348 | Elf:3    | Identified the +0 robe "Muucwom" {Str+2}
 53570 | Elf:3    | Reached XP level 22. HP: 147/150 MP: 26/26
 53584 | Elf:3    | Identified the +6 dagger of Ypaef {drain, rF- rCorr Int+3}
 53792 | Elf:3    | Identified the +2 broad axe "Adamujod" {freeze, Will+}
 53900 | Elf:3    | Identified the +4 shortbow "Jedeiri" {flame, Fly rCorr
                  | SInv}
 53916 | Elf:3    | Identified the staff of poison "Vuom" {rPois Int+5}
 53936 | Elf:3    | Identified the staff of death "Ybemegag" {rN+ Int+2}
 54159 | Elf:3    | Killed Pooter's ghost
 54383 | Elf:3    | Reached skill level 15 in Short Blades
 54383 | Elf:3    | Reached XP level 23. HP: 173/173 MP: 27/27
 54439 | Elf:3    | Identified the +0 hat of Decaying Satisfaction {Dex+2}
 54808 | Swamp:4  | Killed Donald
 54984 | Swamp:4  | Killed Mlioglotl
 56058 | Vaults:1 | Identified the +4 chain mail "Zicsety" {Str+3 Int+5}
 56210 | Vaults:1 | Found Epuxiq's Weapon Emporium.
 56818 | Vaults:2 | Found Yvohaoska's General Store.
 56824 | Vaults:2 | Bought a wand of paralysis (3) for 144 gold pieces
 56824 | Vaults:2 | Bought 2 throwing nets for 120 gold pieces
 56824 | Vaults:2 | Bought 2 potions of curing for 120 gold pieces
 57630 | Vaults:2 | Reached XP level 24. HP: 177/178 MP: 27/27
 58142 | Vaults:3 | Found a flickering gateway to a bazaar.
 58149 | Bazaar   | Entered a bazaar
 58156 | Bazaar   | Found Miugeuxa's Armour Emporium.
 58160 | Bazaar   | Bought a +2 pair of gloves of hurling for 215 gold pieces
 58195 | Bazaar   | Found Ustisasch's Weapon Shoppe.
 58213 | Bazaar   | Found Bug Biy's Antique Armour Emporium.
 58221 | Bazaar   | Bought a shiny helmet for 195 gold pieces
 58222 | Bazaar   | Found Bait's Weapon Shop.
 58258 | Bazaar   | Found Filosmog's Weapon Emporium.
 58388 | Vaults:3 | Found a crumbling gateway.
 58398 | Desolati | Entered the Desolation of Salt
 58696 | Desolati | Identified the +8 falchion of Gallantry {flame, +Blink
                  | rPois Dex+2 Stlth+}
 58696 | Desolati | Identified the ring of Nauddipo {rF+ Str+3 Int+4}
 58723 | Desolati | Identified the staff of earth "Egain" {Fly rPois Stlth+}
 58730 | Desolati | Identified the +0 helmet of the Catfish {Regen+ MP+9 Dex+3
                  | Slay-5}
 58732 | Desolati | Got Asuiv's Elucidation of the Cumulonimbus
 58742 | Desolati | Learned a level 5 spell: Silence
 58752 | Desolati | Identified the +12 hand axe of Zaklu {vamp, rF+ Stlth+}
 59147 | Desolati | Got the Parchment of Allied Shapes
 59418 | Desolati | Got the Quarto of Coarse Striking
 59422 | Desolati | Learned a level 2 spell: Passwall
 59429 | Desolati | Got the Notes on the Snow-white Jaunt
 59511 | Desolati | Identified the +3 plate armour of the Lost Path {rPois
                  | Regen+ Int+4}
 60262 | Vaults:3 | Reached skill level 15 in Fighting
 60490 | Vaults:3 | You fall into a shaft and drop 1 floor!
 60666 | Vaults:4 | Reached XP level 25. HP: 162/194 MP: 27/27
 61749 | Vaults:3 | Found a staircase to the Crypt.
 62817 | Crypt:1  | Entered Level 1 of the Crypt
 62858 | Crypt:1  | Found a basalt altar of Yredelemnul.
 63698 | Crypt:1  | Noticed Vv
 63700 | Crypt:1  | Killed Vv
 63997 | Crypt:2  | Noticed Margery
 63998 | Crypt:2  | Killed Margery
 64077 | Crypt:2  | Identified the +0 robe of Mumblety Peg {Dex+3}
 64626 | Crypt:2  | Reached XP level 26. HP: 201/201 MP: 27/27
 64919 | Crypt:3  | Entered Level 3 of the Crypt
 66639 | Crypt:3  | Found a staircase to the Tomb.
 66886 | Crypt:3  | Identified the +0 bardiche of the Toadstool {freeze, rPois
                  | SInv Stlth+}
 67438 | Crypt:3  | Identified the ring of the Dropbear {rCorr Str+6}
 67439 | Crypt:3  | Noticed a royal mummy
 67609 | Crypt:3  | Identified the +0 scale mail of the Original Sin {Int+3
                  | SInv}
 67609 | Crypt:3  | Identified the ring "Uhout" {rPois Will+ Str+4 Int+3}
 67664 | Crypt:3  | Killed a royal mummy
 67747 | Crypt:3  | Got the Secrets of the Grave
 68113 | Depths:1 | Entered Level 1 of the Depths
 68476 | Orc:2    | Bought a wand of iceblast (4) for 220 gold pieces
 68476 | Orc:2    | Bought a scroll of blinking for 172 gold pieces
 68476 | Orc:2    | Bought a potion of curing for 69 gold pieces
 68476 | Orc:2    | Bought a scroll of teleportation for 69 gold pieces
 68476 | Orc:2    | Bought a box of beasts for 920 gold pieces
 68487 | Orc:2    | Bought a scroll of teleportation for 42 gold pieces
 68487 | Orc:2    | Bought a scroll of magic mapping for 105 gold pieces
 68487 | Orc:2    | Bought a scroll of teleportation for 42 gold pieces
 68487 | Orc:2    | Bought a scroll of teleportation for 42 gold pieces
 68487 | Orc:2    | Bought a scroll of teleportation for 42 gold pieces
 68487 | Orc:2    | Bought a scroll of teleportation for 42 gold pieces
 68516 | Orc:1    | Bought a phial of floods for 440 gold pieces
 68516 | Orc:1    | Bought a wand of quicksilver (4) for 184 gold pieces
 68516 | Orc:1    | Bought a wand of iceblast (5) for 132 gold pieces
 68928 | Depths:1 | Found a gateway to Hell.
 69514 | Depths:1 | Found a one-way gateway to a ziggurat.
 69735 | Depths:1 | Identified the +1 spear "Momuzug" {vamp, rCorr MP+9}
 69907 | Depths:1 | Identified the +9 falchion of Objectivity {antimagic, rC-
                  | Str+8 Stlth-}
 70107 | Depths:2 | Found a one-way gate to the infinite horrors of the Abyss.
 70210 | Depths:2 | Found an ancient bone altar of Kikubaaqudgha.
 70547 | Depths:2 | Found a one-way gate leading to the halls of Pandemonium.
 70808 | Depths:2 | Identified the amulet of Doinnakk {Spirit Rampage Str+3
                  | Dex+2}
 70857 | Depths:2 | Reached XP level 27. HP: 164/207 MP: 27/27
 71176 | Depths:2 | Noticed a juggernaut
 71188 | Depths:2 | Killed a juggernaut
 71211 | Depths:2 | Identified the ring "Iwnaelell" {rPois Str+9 Int-2 Dex-2
                  | Slay+4}
 71298 | Depths:2 | Identified the ring "Licvol" {Fly rN+ Will+ AC+4 Dex+4}
 71634 | Depths:3 | Found a stormy altar of Qazlal.
 71847 | Depths:3 | Paralysed by a floating eye for 2 turns
 72032 | Depths:3 | Found a magical portal.
 72040 | Depths:3 | Noticed Parghit
 72054 | Depths:3 | Killed Parghit
 72070 | WizLab   | Entered Eringya's Formal Garden
 72704 | WizLab   | Found a blossoming altar of Fedhas.
 72874 | WizLab   | Got the Precepts of Fumes
 73186 | Depths:3 | Noticed Xtahua
 73193 | Depths:3 | Killed Xtahua
 73309 | Depths:3 | Identified the +6 mace "Transmigrator" {elec, rC+ rCorr}
 73310 | Depths:3 | Got the Collected Works on Jinxing and Terra Firma
 74556 | Depths:4 | Entered Level 4 of the Depths
 74802 | Depths:4 | Found Ynlamp's Magic Scroll Shop.
 74810 | Depths:4 | Bought a scroll of teleportation for 51 gold pieces
 74810 | Depths:4 | Bought 3 scrolls of teleportation for 153 gold pieces
 74810 | Depths:4 | Bought a scroll of teleportation for 51 gold pieces
 74810 | Depths:4 | Bought a scroll of acquirement for 884 gold pieces
 74810 | Depths:4 | Bought a scroll of magic mapping for 127 gold pieces
 74814 | Depths:4 | Acquired the ring "Kuse" {rN+ rCorr Dex+6 Slay+3 Stlth+}
 75148 | Depths:4 | Found a white marble altar of Elyvilon.
 75308 | Depths:4 | Noticed a juggernaut
 75343 | Depths:4 | Killed a juggernaut
 75476 | Depths:4 | Found a glowing silver altar of Zin.
 75729 | Depths:4 | Found a gate to the Realm of Zot.
 75910 | Depths:4 | Found a burning altar of Makhleb.
 76289 | Vaults:5 | Entered Level 5 of the Vaults
 76729 | Vaults:5 | Identified the +5 broad axe of Dishonour {elec, rCorr}
 76826 | Vaults:5 | Identified the +4 lajatang "Esok" {drain, Dex+3}
 76870 | Vaults:5 | Identified the +4 shortbow of Qeig {drain, rN+}
 77094 | Vaults:5 | Noticed an ancient lich
 77108 | Vaults:5 | Killed an ancient lich
 77960 | Vaults:5 | Identified the +4 shortbow of Equivalence {freeze, rN+
                  | Int+3}
 78418 | Vaults:5 | Identified the ring "Obynofez" {*Corrode rF+++ rN++ Will+
                  | Slay+2}
 78702 | Vaults:5 | Reached skill level 27 in Short Blades
 78832 | Vaults:5 | Identified the +0 arbalest of Dithmenos's Whim {speed,
                  | Str+2 Stlth+}
 79074 | Vaults:5 | Got a silver rune of Zot
 79399 | Vaults:5 | Identified the +0 robe of Conscience {Will+ Str+4 Int+3}
 79910 | Swamp:1  | Killed spardeous's ghost
 79916 | Swamp:1  | Got the Compendium of the Magi
 80273 | Zot:1    | Entered Level 1 of the Realm of Zot
 80275 | Zot:1    | Noticed a Killer Klown
 80275 | Zot:1    | Noticed a Killer Klown
 80275 | Zot:1    | Noticed a Killer Klown
 80275 | Zot:1    | Noticed a Killer Klown
 80285 | Zot:1    | Killed a Killer Klown
 80318 | Zot:1    | Killed a Killer Klown
 80377 | Zot:1    | Killed a Killer Klown
 80389 | Zot:1    | Killed a Killer Klown
 80556 | Zot:1    | Identified the +4 mace of the Tundras {vamp, rElec}
 81401 | Zot:1    | Found the +4 dragonskin cloak
 81401 | Zot:1    | Noticed Tiamat
 82322 | Zot:1    | Killed Tiamat
 83121 | Zot:2    | Found the ring of the Hare {EV+10}
 85905 | Zot:4    | Acquired a manual of Shields
 86750 | Zot:5    | Entered Level 5 of the Realm of Zot
 86794 | Zot:5    | Found a transporter.
 86795 | Zot:5    | Found a transporter.
 86920 | Zot:5    | Found a transporter.
 86922 | Zot:5    | Found a transporter.
 87035 | Zot:5    | Found a transporter.
 87036 | Zot:5    | Found a transporter.
 87937 | Zot:5    | Noticed a Killer Klown
 87993 | Zot:5    | Noticed an orb of fire
 88000 | Zot:5    | Reached skill level 27 in Stealth
 88004 | Zot:5    | Gained mutation: You are dopey. (Int -2) [an orb of fire]
 88006 | Zot:5    | Gained mutation: You are very dopey. (Int -4) [an orb of
                  | fire]
 88025 | Zot:5    | Gained mutation: You are weak. (Str -2) [an orb of fire]
 88036 | Zot:5    | Killed an orb of fire
 88185 | Zot:5    | Noticed an ancient lich
 88203 | Zot:5    | Killed an ancient lich
 88209 | Zot:5    | Noticed an ancient lich
 88238 | Zot:5    | Killed an ancient lich
 88298 | Zot:5    | Noticed a Killer Klown
 88399 | Zot:4    | Killed a Killer Klown
 88865 | Zot:5    | Killed a Killer Klown
 89006 | Zot:5    | Noticed an orb of fire
 89113 | Zot:4    | Gained mutation: You occasionally shout uncontrollably at
                  | your foes. [an orb of fire]
 89116 | Zot:4    | Killed an orb of fire
 89213 | Zot:5    | Noticed a Killer Klown
 89310 | Zot:5    | Killed a Killer Klown
 89549 | Zot:5    | Noticed an ancient lich
 89575 | Zot:5    | Killed an ancient lich
 90614 | Zot:5    | Got the Orb of Zot
 90642 | Zot:5    | Noticed Dih Muwn the pandemonium lord
 90768 | Zot:2    | Noticed Qeomou the pandemonium lord
 91116 | D:2      | Noticed Natasha
 91119 | D:2      | Killed Natasha
 91137 | D:2      | Noticed Woum the pandemonium lord
 91159 | D:$      | Escaped with the Orb!

Illustrated notes

Levels and vault maps discovered:
D:1:      tarquinn_simple_flora_water_f, layout_loops_ring,
          hellmonk_ecumenical_altar_lost_god, minmay_misc_feat_cross,
          serial_park_tiny_2, minmay_vboxes
D:2:      layout_loops_ring, basic_altar, uniq_terence, uniq_sigmund,
          uniq_natasha
D:3:      layout_loops_cross, mainiacjoe_overflow_catch_the_wave, minivault_26
D:4:      layout_gridville, uniq_robin
D:5:      layout_cave_pods, enter_ossuary_4, serial_shops, kennysheep_mini_moat,
          cheibrodos_sewer_entry_sluice, hangedman_abyss_or_decor_stabs,
          kennysheep_donut
D:6:      layout_basic, overflow_temple_1_default, minmay_temple_entry_waves,
          uniq_grinder
D:7:      kennysheep_housing_project, layout_basic, nicolae_benzene_ring
D:8:      layout_loops_ring, lair_entry_dummy
D:9:      layout_stronghold, orc_david_3, uniq_harold
D:10:     layout_loops_ring, gammafunk_ghost_ooze, nicolae_figureground_pulse
D:11:     layout_cave_pools, serial_shops, shop
D:12:     layout_irregular_city
D:13:     layout_rooms, erik_vaults_2, nicolae_shop_self_help, uniq_lodul
D:14:     layout_rooms, chequers_hall_statues_wall_a,
          minmay_misc_feat_four_crosses
D:15:     gammafunk_enter_depths_forms, layout_loops_cross, nzn_ghost_randoct
Temple:   nicolae_temple_bog_church
Lair:1:   layout_cave_shapes, basic_altar, st_stairs_12, lemuel_old_faithful
Lair:2:   layout_gridlike, swamp_mist, spider_nest_entry_a, serial_bayou,
          serial_bayou_ford_a, serial_bayou_pond_b, serial_bayou_lagoon_a,
          serial_bayou_pond_c, chequers_serial_rivers_small_3,
          infiniplex_staircase_pool_2, uniq_gastronok, uniq_urug, uniq_erica
Lair:3:   layout_loops_ring, nicolae_volcano_entry_s_turn
Lair:4:   lemuel_reptile_caves, layout_regular_city, grunt_megastairs_1,
          uniq_josephine, uniq_sonja
Lair:5:   gammafunk_lair_ancient_temple, layout_regular_city,
          nicolae_slime_entry_field_trip, serial_bayou_pond_b,
          chequers_serial_rivers_small_3, lemuel_fruit_fields,
          serial_bayou_shore_b
Swamp:1:  layout_basic_swamp, gammafunk_ghost_grave,
          evilmike_swamp_ruin_house_6, swamp_pool2, worms_lemuel
Swamp:2:  layout_basic_swamp, hangedman_swamp_pad, water_boxes_lemuel
Swamp:3:  layout_falls_marsh, evilmike_swamp_ruin_house_1, swamp_pool3,
          nicolae_swamp_drake_lake
Swamp:4:  swamp_alternative, layout_basic_swamp, swamp_pool3, uniq_donald,
          uniq_mlioglotl
Spider:1: nicolae_spider_hilbert_zone_3 [nicolae_spider_hilbert_4_sides_2_open,
          nicolae_spider_hilbert_3_sides_1_open,
          nicolae_spider_hilbert_3_sides_1_open,
          nicolae_spider_hilbert_3_sides_1_open,
          nicolae_spider_hilbert_3_sides_1_open,
          nicolae_spider_hilbert_4_sides_1_open,
          nicolae_spider_hilbert_4_sides_1_open,
          nicolae_spider_hilbert_4_sides_1_open,
          nicolae_spider_hilbert_4_sides_1_open,
          nicolae_spider_hilbert_4_sides_1_open,
          nicolae_spider_hilbert_4_sides_1_open,
          nicolae_spider_hilbert_4_sides_1_open,
          nicolae_spider_hilbert_4_sides_1_open,
          nicolae_spider_hilbert_3_sides_1_open,
          nicolae_spider_hilbert_3_sides_1_open,
          nicolae_spider_hilbert_3_sides_1_open,
          nicolae_spider_hilbert_3_sides_1_open], uniq_frances
Spider:2: layout_spider_delve
Spider:3: layout_cave_pods, drop_trap
Spider:4: spider_rune_water
Orc:1:    layout_caves, serial_shops, nicolae_shop_waterfront
Orc:2:    st_orc_open, layout_caves, basic_altar, serial_shops,
          nicolae_shop_hallway_stairs, nicolae_shop_stone, shop,
          ebering_ghost_disaster_area, nicolae_orc_rockfall, mines5_lemuel,
          uniq_nessos
Elf:1:    minmay_elf_arrival_circle, layout_gridlike, serial_shops,
          nicolae_diamond_shop, minivault_28, grunt_megastairs_4
Elf:2:    nicolae_elf_blades_crystal_corner, layout_gridlike,
          nicolae_fountain_basement, uniq_zenata, uniq_agnes
Elf:3:    minmay_elf_hall_furrowed, layout_gridlike,
          gammafunk_ghost_tricky_traps, nicolae_specific_store
Vaults:1: nicolae_vaults_sesquioval_fish, v_misc_13,
          nicolae_vaults_trapezoid_lopsided_2, grunt_vaults_trifunnel,
          v_misc_15, v_misc_14, vaults_dpeg_hooks, grunt_vaults_swirl,
          vaults_room_hallway, nicolae_vaults_security_offices_2, v_rooms_2,
          nicolae_vaults_cochlea, nicolae_vaults_diamond_2,
          layout_vaults_omnibox, serial_shops, shop
Vaults:2: nicolae_vaults_closet_pinwheel_6, nicolae_vaults_quadrants,
          grunt_vaults_funnel, nicolae_vaults_network_quinsquares
          [nicolae_vaults_network_quincunx_subvault,
          nicolae_vaults_network_quincunx_subvault,
          nicolae_vaults_network_quincunx_subvault,
          nicolae_vaults_network_quincunx_subvault], v_alt_pattern_5,
          hangedman_vaults_unwind, nicolae_vaults_circle_grid_b, v_pattern_3,
          hangedman_vaults_stretched_pinwheel, nicolae_vaults_house_2,
          nicolae_vaults_trapezoid_1, layout_vaults_omnicross, serial_shops,
          nicolae_shop_competitors_out_of_business
Vaults:3: portal_desolation_entry_nicolae_nacl,
          nicolae_vaults_closet_pinwheel_4, hangedman_vaults_river_flow,
          minmay_crypt_entry_skeletal_spiral, ontoclasm_vaults_chip,
          nicolae_vaults_antechamber_and_loot_room, vaults_mumra_hex,
          layout_vaults_omnigrid, serial_shops, bzr_entry_road
Vaults:4: nicolae_vaults_asterisk, v_alt_pattern_2, v_pattern_1,
          vaults_room_stairs_pillars, layout_vaults_chaotic_city
Vaults:5: serial_shops
Crypt:1:  layout_chaotic_city, minivault_14, hangedman_blasphemy, uniq_vv
Crypt:2:  layout_basic, st_stairs_7, grunt_megastairs_3, lemuel_elevator,
          uniq_margery
Crypt:3:  due_elkab, layout_chaotic_city, tomb_entry_shell_bobbens
Depths:1: layout_big_octagon, enter_ziggurat_b, grunt_metal_band, minivault_1,
          minmay_metal_thing
Depths:2: kennysheep_oblong_rooms, layout_gridlike, pf_hell_entry_great_geh,
          abyss_entry, rand_demon_pan_entry_1,
          nicolae_kikubaaqudgha_miasma_corner
Depths:3: minmay_the_grid_plus [minmay_the_grid_outer_circle,
          minmay_the_grid_spikes, minmay_the_grid_slots,
          minmay_the_grid_gridbox, minmay_the_grid_prize_shrinking_boxes],
          layout_cave_pools, marbit_kobold_abyss_entry, hell_entry,
          nicolae_qazlal_scattered_showers, infiniplex_enter_wizlab_water,
          grunt_ministairs_9, drop_trap, infiniplex_staircase_zigzag_2,
          uniq_parghit, uniq_xtahua
Depths:4: grunt_x_marks_the_spot, layout_gridlike, minmay_misc_feat_square,
          grunt_hell_entry_dis_mu, serial_shops, nicolae_shop_tiny_glass,
          hangedman_feature_mirror, nicolae_elyvilon_peaceful_grove
Zot:1:    ebering_greatest_show_in_zot, layout_gridlike, uniq_tiamat
Zot:2:    layout_concentric_octagons, lemuel_flame_loot_1
Zot:3:    layout_cathedral_of_symmetry, uniq_josephina
Zot:4:    layout_concentric_octagons
Zot:5:    layout_basic, serial_nicolae_subway, nicolae_sub_station_metal,
          nicolae_sub_station_stone, nicolae_sub_station_crystal

Skill      XL: |  1  2  3  4  5  6  7  8  9 10 11 12 13 14 15 16 17 18 19 20 21 22 23 24 25 26 27 |
---------------+----------------------------------------------------------------------------------+-----
Short Blades   | 1 2 3 4 5 6 8 10 12 14 15 18 20 22 27 | 27.0
Stealth        | 2 3 5 9 10 13 15 16 18 19 21 27 | 27.0
Hexes          | 1 4 7 8 10 | 10.0
Spellcasting   | 1 3 |  3.0
Dodging        | 9 10 11 12 14 15 16 17 19 20 22 | 22.3
Fighting       | 5 8 10 12 13 15 16 | 16.2
Armour         | 5 12 15 | 15.0
Shields        | 6 8 |  8.4
Invocations    | 2 3 |  3.5
Evocations     | 5 12 15 | 15.0
Translocations | 5 |  5.1
Throwing       | 6 |  6.1
Staves         | |  3.6

Action                     |  1- 3 |  4- 6 |  7- 9 | 10-12 | 13-15 | 16-18 | 19-21 | 22-24 | 25-27 || total
---------------------------+-------+-------+-------+-------+-------+-------+-------+-------+-------++-------
  Melee: Quarterstaff      |    14 |       |       |       |       |       |       |       |       ||    14
         Short sword       |    40 |   169 |   272 |       |       |       |       |       |       ||   481
         Punch             |     1 |     1 |     9 |    13 |     2 |       |       |       |       ||    26
         Rapier            |       |       |   146 |   446 |  1390 |  1628 |  1983 |  1592 |  5369 || 12554
         Cutlass           |       |       |       |       |    17 |       |    42 |    24 |  1102 ||  1185
  Throw: Boomerang         |    18 |     5 |     3 |       |       |       |       |       |       ||    26
         Throwing net      |     4 |     2 |     3 |     6 |     2 |       |     1 |       |     7 ||    25
         Stone             |       |     6 |     3 |     6 |    43 |    40 |    33 |    24 |   119 ||   274
         Dart              |       |     5 |    12 |    16 |     9 |       |    10 |       |       ||    52
         Javelin           |       |       |       |       |    13 |       |       |       |       ||    13
   Cast: Confusing Touch   |       |       |     5 |    36 |    34 |    94 |    62 |     3 |     8 ||   242
         Slow              |       |       |       |       |    12 |     3 |     9 |       |     1 ||    25
         Blink             |       |       |       |       |       |       |     1 |       |     1 ||     2
 Invoke: Shadow Step       |       |       |       |       |       |     5 |     2 |     2 |     8 ||    17
Ability: Evoke Invisibilit |       |       |       |       |       |       |     6 |     3 |     1 ||    10
  Evoke: Wand              |       |       |     3 |     6 |    22 |     3 |    26 |    10 |    72 ||   142
         Lightning rod     |       |       |       |       |       |       |     7 |     4 |    15 ||    26
         Condenser vane    |       |       |       |       |       |       |     1 |       |     5 ||     6
         Phantom mirror    |       |       |       |       |       |       |       |     1 |     1 ||     2
         Box of beasts     |       |       |       |       |       |       |       |       |     3 ||     3
         Phial of floods   |       |       |       |       |       |       |       |       |     1 ||     1
    Use: Scroll            |     5 |     2 |     9 |     8 |    11 |    12 |    11 |     4 |    30 ||    92
         Potion            |       |       |     5 |     3 |    16 |     9 |     8 |     1 |    20 ||    62
   Stab: Sleeping          |     1 |     5 |    10 |    22 |    24 |    93 |    82 |    70 |   166 ||   473
         Held in net/web   |       |     2 |     3 |     5 |     1 |       |     1 |       |    12 ||    24
         Distracted        |       |       |     5 |     1 |     8 |    13 |     7 |    12 |    53 ||    99
         Invisible         |       |       |     2 |     2 |     4 |       |    24 |    25 |     4 ||    61
         Confused          |       |       |     4 |    34 |    29 |    97 |    50 |     4 |    11 ||   229
         Paralysed         |       |       |       |       |     5 |     1 |     4 |     1 |     3 ||    14
 Armour: Leather armour    |    14 |    31 |    47 |    19 |    20 |    47 |       |       |       ||   178
         Skin              |       |       |     9 |       |    32 |       |       |       |       ||    41
         Robe              |       |       |       |       |    19 |       |       |       |       ||    19
         Swamp dragon scal |       |       |       |       |       |    85 |   260 |   162 |   136 ||   643
         Fire dragon scale |       |       |       |       |       |       |       |       |   657 ||   657
  Dodge: Dodged            |    32 |    70 |   182 |   257 |   628 |  1017 |  1267 |   997 |  3250 ||  7700
  Block: Buckler           |       |       |       |       |   191 |   313 |   435 |   342 |  1264 ||  2545
